[ AOE2 MATCH · #476223389 ]
UnrankedShu vs Vietnamese
[ REPLAY ANALYSIS · EXTRACTED FROM THE RECORDED GAME ]
Feudal
9:19
Castle
22:56
Imperial
—
| APM avg | 53.4 |
| APM peak | 93 |
| eAPM avg | 24.1 |
| Villagers / military | 80 / 97 |
Focus
⚔️ 45.8% · 🌾 54.2%
Archer ×96 · Skirmisher ×1
Feudal
9:15
Castle
21:06
Imperial
—
| APM avg | 39.9 |
| APM peak | 56 |
| eAPM avg | 19.1 |
| Villagers / military | 117 / 72 |
Focus
⚔️ 38.4% · 🌾 61.6%
Archer ×69 · Battering Ram ×2 · Spearman ×1
Feudal
9:15
Castle
20:23
Imperial
—
| APM avg | 66.1 |
| APM peak | 97 |
| eAPM avg | 35.3 |
| Villagers / military | 109 / 99 |
Focus
⚔️ 39.5% · 🌾 60.5%
Knight ×90 · Scout Cavalry ×9
Feudal
8:51
Castle
19:53
Imperial
—
| APM avg | 53.5 |
| APM peak | 100 |
| eAPM avg | 25.8 |
| Villagers / military | 127 / 96 |
Focus
⚔️ 31.2% · 🌾 68.8%
Knight ×89 · Scout Cavalry ×7
Feudal
—
Castle
—
Imperial
—
| APM avg | 1055.6 |
| APM peak | 5819 |
| eAPM avg | 1055.1 |
| Villagers / military | 0 / 6 |
Focus
⚔️ 94.2% · 🌾 5.8%
Spearman ×5 · Scout Cavalry ×1
Feudal
—
Castle
—
Imperial
—
| APM avg | 1487.6 |
| APM peak | 11187 |
| eAPM avg | 1486.3 |
| Villagers / military | 0 / 28 |
Focus
⚔️ 85.5% · 🌾 14.5%
Scout Cavalry ×8 · Monk ×7 · Knight ×7 · Mangonel ×3 · Skirmisher ×2 · Spearman ×1
Feudal
—
Castle
—
Imperial
—
| APM avg | 2231.1 |
| APM peak | 11322 |
| eAPM avg | 2230.3 |
| Villagers / military | 0 / 33 |
Focus
⚔️ 94.0% · 🌾 6.0%
Spearman ×10 · Monk ×9 · Camel Scout ×9 · Mangonel ×4 · Knight ×1
Feudal
—
Castle
—
Imperial
—
| APM avg | 3614.4 |
| APM peak | 9875 |
| eAPM avg | 3613.5 |
| Villagers / military | 0 / 28 |
Focus
⚔️ 93.6% · 🌾 6.4%
Spearman ×14 · Skirmisher ×8 · Archer ×6
Match map
Initial resources + every placement click. Lines = walls · curves = elevation contours. ◆ gold · ⬟ stone · ● berries · ✦ relic · ◌ wall gap
Your base· Open — unwalled flank
蒼kono's base· ✓ Closed at 21:06 · 53t walls · no gate
什麼都不會's base· ✓ Closed at 20:23 · 47t walls · no gate
seira's base· Open — 1t gap
's base· Open — unwalled flank
's base· Open — unwalled flank
's base· Open — unwalled flank
's base· Open — 3t gap
Smoothed initial terrain · ◌ = detected wall gap · hover for details
Inputs per minute
— A5reiko - - 蒼kono
Build order — A5reiko
First 150 of 268 actions detected
| 0:01 | Create | Villager (Male) |
| 0:02 | Build | House |
| 0:05 | Build | House |
| 0:10 | Create | Villager (Male) |
| 0:21 | Create | Villager (Male) |
| 0:21 | Create | Villager (Male) |
| 1:23 | Create | Villager (Male) |
| 2:00 | Create | Villager (Male) |
| 2:11 | Build | Lumber Camp |
| 2:21 | Create | Villager (Male) |
| 2:34 | Build | House |
| 2:47 | Create | Villager (Male) |
| 3:13 | Create | Villager (Male) |
| 3:24 | Create | Villager (Male) |
| 3:59 | Create | Villager (Male) |
| 4:00 | Create | Villager (Male) |
| 4:17 | Create | Villager (Male) |
| 4:29 | Create | Villager (Male) |
| 4:53 | Build | Mining Camp |
| 5:31 | Research | Loom |
| 6:16 | Create | Villager (Male) |
| 6:44 | Create | Villager (Male) |
| 7:03 | Research | Feudal Age |
| 7:46 | Build | Barracks |
| 8:19 | Create | Villager (Male) |
| 8:27 | Build | House |
| 9:08 | Build | House |
| 9:19 | Age | Feudal Age |
| 9:21 | Build | Archery Range |
| 9:22 | Build | Archery Range |
| 9:29 | Build | Mill |
| 9:42 | Create | Villager (Male) |
| 9:51 | Build | Mill |
| 10:09 | Create | Villager (Male) |
| 10:15 | Create | Archer |
| 10:16 | Create | Archer |
| 10:34 | Create | Villager (Male) |
| 10:48 | Build | Blacksmith |
| 10:52 | Create | Villager (Male) |
| 11:05 | Create | Archer |
| 11:13 | Create | Archer |
| 11:31 | Build | House |
| 11:32 | Create | Villager (Male) |
| 11:34 | Create | Archer |
| 11:41 | Create | Villager (Male) |
| 11:51 | Create | Archer |
| 12:06 | Create | Archer |
| 12:06 | Create | Archer |
| 12:19 | Build | Lumber Camp |
| 12:25 | Create | Archer |
| 12:25 | Create | Archer |
| 12:26 | Create | Villager (Male) |
| 12:41 | Create | Archer |
| 13:06 | Create | Archer |
| 13:06 | Create | Archer |
| 13:18 | Create | Archer |
| 13:27 | Create | Archer |
| 13:36 | Create | Archer |
| 13:37 | Create | Villager (Male) |
| 13:42 | Research | Fletching |
| 13:54 | Build | House |
| 14:00 | Create | Villager (Male) |
| 14:20 | Create | Archer |
| 14:26 | Create | Villager (Male) |
| 14:36 | Build | Farm |
| 14:37 | Build | Farm |
| 14:40 | Build | Farm |
| 14:41 | Build | Farm |
| 14:43 | Build | Farm |
| 14:51 | Create | Archer |
| 14:51 | Create | Archer |
| 15:02 | Create | Villager (Male) |
| 15:08 | Create | Villager (Male) |
| 15:11 | Create | Archer |
| 15:11 | Create | Archer |
| 15:30 | Build | House |
| 15:51 | Create | Villager (Male) |
| 15:53 | Build | Farm |
| 16:05 | Create | Archer |
| 16:06 | Build | House |
| 16:10 | Create | Villager (Male) |
| 16:27 | Create | Archer |
| 16:28 | Create | Archer |
| 16:40 | Create | Villager (Male) |
| 16:40 | Create | Villager (Male) |
| 16:54 | Build | Farm |
| 16:55 | Build | Farm |
| 16:58 | Create | Archer |
| 16:59 | Create | Archer |
| 17:06 | Create | Villager (Male) |
| 17:09 | Build | Farm |
| 17:37 | Research | Wheelbarrow |
| 17:43 | Build | House |
| 17:44 | Build | House |
| 17:45 | Build | House |
| 18:05 | Create | Archer |
| 18:06 | Create | Archer |
| 18:17 | Create | Villager (Male) |
| 18:23 | Create | Villager (Male) |
| 18:41 | Create | Villager (Male) |
| 18:52 | Build | Farm |
| 19:01 | Create | Archer |
| 19:01 | Create | Archer |
| 19:28 | Create | Villager (Male) |
| 19:30 | Build | Farm |
| 19:43 | Create | Archer |
| 19:44 | Create | Archer |
| 19:55 | Build | Farm |
| 20:16 | Research | Castle Age |
| 20:16 | Research | Castle Age |
| 20:20 | Create | Archer |
| 20:20 | Create | Archer |
| 20:36 | Create | Archer |
| 20:36 | Create | Archer |
| 21:20 | Create | Archer |
| 21:20 | Create | Archer |
| 21:45 | Create | Archer |
| 21:45 | Create | Archer |
| 21:46 | Create | Villager (Male) |
| 21:52 | Build | Lumber Camp |
| 21:57 | Create | Archer |
| 22:00 | Build | Archery Range |
| 22:12 | Research | Double-Bit Axe |
| 22:12 | Research | Horse Collar |
| 22:43 | Create | Archer |
| 22:43 | Create | Archer |
| 22:56 | Age | Castle Age |
| 23:00 | Create | Skirmisher |
| 23:04 | Research | Crossbowman (upgrade) |
| 23:10 | Research | Thumb Ring |
| 23:22 | Create | Archer |
| 23:25 | Create | Villager (Male) |
| 23:26 | Create | Villager (Male) |
| 23:35 | Create | Archer |
| 23:35 | Create | Archer |
| 23:50 | Research | Bodkin Arrow |
| 23:51 | Research | Bodkin Arrow |
| 24:07 | Create | Villager (Male) |
| 24:19 | Create | Archer |
| 24:20 | Create | Archer |
| 24:45 | Create | Villager (Male) |
| 24:47 | Create | Archer |
| 24:47 | Create | Archer |
| 24:53 | Build | House |
| 24:55 | Build | House |
| 25:04 | Create | Villager (Male) |
| 25:11 | Create | Archer |
| 25:12 | Create | Archer |
| 25:12 | Create | Archer |
| 25:20 | Create | Villager (Male) |
Build order — 蒼kono
First 150 of 328 actions detected
| 0:00 | Create | Villager (Male) ×4 |
| 0:02 | Build | House |
| 0:04 | Build | House |
| 1:23 | Create | Villager (Male) |
| 1:50 | Create | Villager (Male) |
| 2:22 | Create | Villager (Male) |
| 2:35 | Build | Lumber Camp |
| 2:47 | Create | Villager (Male) |
| 3:01 | Create | Villager (Male) |
| 3:24 | Build | House |
| 3:34 | Create | Villager (Male) |
| 3:52 | Create | Villager (Male) |
| 4:15 | Build | Mill |
| 4:26 | Create | Villager (Male) |
| 4:43 | Create | Villager (Male) |
| 5:03 | Create | Villager (Male) |
| 5:36 | Create | Villager (Male) |
| 5:51 | Create | Villager (Male) |
| 5:51 | Research | Loom |
| 6:57 | Research | Feudal Age |
| 7:58 | Build | Barracks |
| 8:04 | Build | House |
| 8:10 | Build | House |
| 8:15 | Create | Villager (Male) |
| 8:34 | Build | Mining Camp |
| 9:15 | Age | Feudal Age |
| 9:22 | Build | Archery Range |
| 9:26 | Build | Archery Range |
| 9:36 | Create | Villager (Male) |
| 9:37 | Create | Villager (Male) |
| 10:16 | Create | Villager (Male) |
| 10:28 | Build | Blacksmith |
| 10:32 | Build | Palisade Wall |
| 10:33 | Build | House |
| 10:38 | Create | Archer |
| 10:38 | Create | Archer |
| 10:45 | Create | Villager (Male) |
| 10:45 | Create | Villager (Male) |
| 10:52 | Build | Palisade Wall |
| 10:59 | Build | House |
| 11:00 | Create | Archer |
| 11:05 | Create | Spearman |
| 11:10 | Build | Mill |
| 11:18 | Create | Archer |
| 11:39 | Create | Villager (Male) |
| 11:47 | Build | Palisade Wall |
| 11:53 | Create | Archer |
| 11:53 | Create | Archer |
| 11:55 | Create | Villager (Male) |
| 12:07 | Build | House |
| 12:10 | Build | House |
| 12:11 | Build | House |
| 12:23 | Create | Villager (Male) |
| 12:51 | Create | Archer |
| 12:52 | Create | Archer |
| 12:53 | Create | Villager (Male) |
| 13:01 | Create | Archer |
| 13:25 | Create | Villager (Male) |
| 13:29 | Build | Farm |
| 13:31 | Build | Farm |
| 13:33 | Build | House |
| 13:38 | Build | House |
| 13:40 | Build | Palisade Wall |
| 13:48 | Create | Villager (Male) |
| 14:00 | Create | Archer |
| 14:00 | Create | Archer |
| 14:10 | Create | Villager (Male) |
| 14:17 | Build | Farm |
| 14:17 | Build | Farm |
| 14:18 | Build | Farm |
| 14:18 | Build | Farm |
| 14:24 | Build | Farm |
| 14:27 | Build | House |
| 14:29 | Build | Palisade Wall |
| 14:29 | Build | Palisade Wall |
| 14:32 | Build | Palisade Wall |
| 14:34 | Build | Palisade Wall |
| 14:36 | Create | Villager (Male) |
| 14:37 | Create | Archer |
| 14:37 | Create | Archer |
| 14:52 | Create | Archer |
| 14:53 | Create | Archer |
| 14:54 | Create | Villager (Male) |
| 15:18 | Create | Villager (Male) |
| 15:22 | Create | Archer |
| 15:22 | Create | Archer |
| 15:30 | Build | Farm |
| 15:38 | Create | Villager (Male) |
| 15:45 | Build | House |
| 16:03 | Create | Villager (Male) |
| 16:05 | Build | Farm |
| 16:06 | Create | Archer |
| 16:06 | Create | Archer |
| 16:26 | Build | Farm |
| 16:26 | Build | Farm |
| 16:33 | Create | Villager (Male) |
| 16:54 | Create | Archer |
| 16:54 | Create | Archer |
| 17:01 | Build | Farm |
| 17:05 | Create | Villager (Male) |
| 17:23 | Build | Farm |
| 17:24 | Create | Villager (Male) |
| 17:46 | Create | Villager (Male) |
| 17:48 | Build | Lumber Camp |
| 17:53 | Build | House |
| 18:01 | Create | Archer |
| 18:01 | Create | Archer |
| 18:25 | Research | Castle Age |
| 18:39 | Build | Lumber Camp |
| 18:41 | Build | House |
| 18:42 | Build | House |
| 18:55 | Create | Archer |
| 19:10 | Research | Double-Bit Axe |
| 19:45 | Build | Archery Range |
| 19:58 | Build | Archery Range |
| 20:01 | Create | Villager (Male) |
| 20:09 | Build | House |
| 20:10 | Build | House |
| 20:11 | Build | House |
| 20:19 | Create | Archer |
| 20:19 | Create | Archer |
| 20:25 | Research | Horse Collar |
| 20:30 | Research | Gold Mining |
| 20:56 | Create | Archer |
| 20:56 | Create | Archer |
| 20:56 | Create | Archer |
| 21:00 | Build | Palisade Wall |
| 21:03 | Build | Palisade Wall |
| 21:06 | Age | Castle Age |
| 21:07 | Build | House |
| 21:08 | Create | Villager (Male) |
| 21:11 | Research | Crossbowman (upgrade) |
| 21:12 | Research | Fletching |
| 21:23 | Research | Bow Saw |
| 21:43 | Create | Villager (Male) |
| 21:54 | Build | Farm |
| 21:58 | Build | House |
| 21:59 | Research | Bodkin Arrow |
| 22:09 | Build | University |
| 22:12 | Create | Archer |
| 22:12 | Create | Archer |
| 22:13 | Create | Archer |
| 22:21 | Create | Villager (Male) |
| 22:22 | Create | Villager (Male) |
| 22:35 | Create | Archer |
| 22:35 | Create | Archer |
| 23:01 | Create | Villager (Male) |
| 23:06 | Build | Farm |
| 23:09 | Build | Farm |
| 23:27 | Build | Farm |
Build order — 什麼都不會
First 150 of 342 actions detected
| 0:00 | Create | Villager (Male) |
| 0:00 | Create | Villager (Male) |
| 0:03 | Build | House |
| 0:04 | Build | House |
| 0:09 | Create | Villager (Male) |
| 0:09 | Create | Villager (Male) |
| 1:25 | Create | Villager (Male) |
| 2:00 | Create | Villager (Male) |
| 2:18 | Create | Villager (Male) |
| 2:18 | Create | Villager (Male) |
| 2:45 | Create | Villager (Male) |
| 2:45 | Create | Villager (Male) |
| 3:08 | Create | Villager (Male) |
| 3:08 | Create | Villager (Male) |
| 3:09 | Create | Villager (Male) |
| 3:17 | Build | Lumber Camp |
| 3:24 | Create | Villager (Male) |
| 3:24 | Create | Villager (Male) |
| 3:52 | Build | House |
| 4:06 | Create | Villager (Male) |
| 4:07 | Create | Villager (Male) |
| 4:07 | Create | Villager (Male) |
| 4:25 | Build | House |
| 4:34 | Create | Villager (Male) |
| 4:34 | Create | Villager (Male) |
| 5:41 | Build | Mill |
| 6:07 | Create | Villager (Male) |
| 6:20 | Research | Loom |
| 7:02 | Research | Feudal Age |
| 8:17 | Build | Barracks |
| 8:24 | Build | Barracks |
| 8:32 | Create | Villager (Male) |
| 9:15 | Age | Feudal Age |
| 9:17 | Build | Stable |
| 9:21 | Research | Horse Collar |
| 9:23 | Create | Villager (Male) |
| 9:26 | Build | Farm |
| 9:40 | Build | Farm |
| 9:43 | Create | Villager (Male) |
| 9:58 | Create | Scout Cavalry |
| 10:04 | Build | Farm |
| 10:07 | Create | Scout Cavalry |
| 10:09 | Create | Villager (Male) |
| 10:11 | Build | House |
| 10:26 | Build | Farm |
| 10:33 | Create | Scout Cavalry |
| 10:50 | Build | House |
| 10:51 | Create | Villager (Male) |
| 11:11 | Build | Farm |
| 11:19 | Build | House |
| 11:20 | Create | Villager (Male) |
| 11:20 | Create | Villager (Male) |
| 11:40 | Create | Scout Cavalry |
| 11:40 | Create | Villager (Male) |
| 11:41 | Create | Villager (Male) |
| 11:52 | Create | Scout Cavalry |
| 11:58 | Create | Villager (Male) |
| 12:08 | Build | House |
| 12:11 | Build | Farm |
| 12:26 | Create | Scout Cavalry |
| 12:41 | Create | Villager (Male) |
| 12:43 | Build | House |
| 13:04 | Build | Farm |
| 13:05 | Build | Farm |
| 13:08 | Build | Mill |
| 13:09 | Create | Scout Cavalry |
| 13:17 | Create | Villager (Male) |
| 13:19 | Build | Farm |
| 13:34 | Create | Scout Cavalry |
| 13:44 | Create | Villager (Male) |
| 13:47 | Build | Farm |
| 13:48 | Build | Farm |
| 13:53 | Build | Palisade Wall |
| 14:06 | Create | Villager (Male) |
| 14:10 | Create | Scout Cavalry |
| 14:12 | Build | Farm |
| 14:21 | Build | House |
| 14:28 | Create | Villager (Male) |
| 14:41 | Create | Villager (Male) |
| 14:47 | Create | Villager (Male) |
| 15:08 | Build | Mining Camp |
| 15:20 | Create | Villager (Male) |
| 15:22 | Build | Palisade Wall |
| 15:23 | Build | Palisade Wall |
| 15:37 | Build | Blacksmith |
| 15:49 | Create | Villager (Male) |
| 15:52 | Build | House |
| 15:52 | Build | Palisade Wall |
| 16:01 | Build | Palisade Gate |
| 16:02 | Build | Palisade Wall |
| 16:04 | Create | Villager (Male) |
| 16:22 | Build | House |
| 16:24 | Build | Palisade Wall |
| 16:42 | Build | Mining Camp |
| 16:50 | Build | Mining Camp |
| 16:57 | Create | Villager (Male) |
| 17:19 | Build | Palisade Wall |
| 17:27 | Build | House |
| 17:41 | Research | Double-Bit Axe |
| 17:43 | Research | Castle Age |
| 18:02 | Build | Palisade Wall |
| 18:06 | Build | Palisade Wall |
| 18:12 | Build | Lumber Camp |
| 18:29 | Build | Palisade Wall |
| 18:35 | Research | Forging |
| 18:39 | Research | Bloodlines |
| 18:40 | Research | Bloodlines |
| 18:58 | Build | House |
| 18:58 | Build | House |
| 19:21 | Create | Villager (Male) |
| 19:33 | Build | Stable |
| 19:55 | Build | House |
| 20:15 | Create | Villager (Male) |
| 20:23 | Age | Castle Age |
| 20:28 | Create | Knight |
| 20:29 | Create | Knight |
| 20:35 | Research | Heavy Plow |
| 20:49 | Research | Bow Saw |
| 20:52 | Create | Villager (Male) |
| 20:54 | Create | Knight |
| 20:54 | Create | Knight |
| 21:12 | Research | Light Cavalry (upgrade) |
| 21:19 | Create | Knight |
| 21:19 | Create | Knight |
| 21:24 | Build | Farm |
| 21:27 | Create | Villager (Male) |
| 21:29 | Build | Farm |
| 21:37 | Create | Knight |
| 21:50 | Create | Villager (Male) |
| 22:01 | Create | Knight |
| 22:03 | Create | Villager (Male) |
| 22:10 | Build | Farm |
| 22:14 | Build | Lumber Camp |
| 22:16 | Create | Villager (Male) |
| 22:21 | Research | Wheelbarrow |
| 22:21 | Research | Wheelbarrow |
| 22:33 | Create | Knight |
| 22:34 | Create | Villager (Male) |
| 22:45 | Create | Knight |
| 23:02 | Create | Knight |
| 23:02 | Create | Knight |
| 23:12 | Create | Knight |
| 23:12 | Create | Knight |
| 23:46 | Create | Knight |
| 23:47 | Create | Villager (Male) |
| 23:49 | Create | Villager (Male) |
| 23:53 | Build | Farm |
| 24:06 | Create | Villager (Male) |
| 24:06 | Create | Knight |
| 24:12 | Build | Castle |
Build order — seira
First 150 of 340 actions detected
| 0:00 | Create | Villager (Male) |
| 0:01 | Create | Villager (Male) |
| 0:01 | Create | Villager (Male) |
| 0:01 | Create | Villager (Male) |
| 0:01 | Create | Villager (Male) |
| 0:03 | Build | House |
| 0:05 | Build | House |
| 1:24 | Build | Mill |
| 1:26 | Build | House |
| 1:32 | Create | Villager (Male) |
| 1:43 | Create | Villager (Male) |
| 2:08 | Create | Villager (Male) |
| 2:09 | Create | Villager (Male) |
| 2:46 | Create | Villager (Male) |
| 3:19 | Create | Villager (Male) |
| 3:22 | Create | Villager (Male) |
| 3:38 | Create | Villager (Male) |
| 3:56 | Create | Villager (Male) |
| 4:31 | Create | Villager (Male) |
| 4:31 | Create | Villager (Male) |
| 5:04 | Build | Lumber Camp |
| 5:42 | Create | Villager (Male) |
| 6:03 | Research | Loom |
| 6:38 | Research | Feudal Age |
| 7:07 | Build | House |
| 8:03 | Build | Barracks |
| 8:40 | Create | Villager (Male) |
| 8:41 | Create | Villager (Male) |
| 8:51 | Age | Feudal Age |
| 9:02 | Build | Stable |
| 9:28 | Research | Double-Bit Axe |
| 9:31 | Create | Villager (Male) |
| 9:31 | Create | Villager (Male) |
| 9:35 | Build | House |
| 9:43 | Build | House |
| 9:44 | Create | Villager (Male) |
| 9:53 | Create | Scout Cavalry |
| 9:53 | Create | Scout Cavalry |
| 10:06 | Build | Mill |
| 10:16 | Build | House |
| 10:27 | Build | Farm |
| 10:34 | Create | Scout Cavalry |
| 10:35 | Create | Villager (Male) |
| 10:35 | Create | Villager (Male) |
| 10:45 | Build | House |
| 10:50 | Build | Palisade Wall |
| 10:51 | Build | Palisade Wall |
| 10:58 | Build | Palisade Wall |
| 11:00 | Build | Palisade Wall |
| 11:04 | Create | Scout Cavalry |
| 11:13 | Build | Farm |
| 11:15 | Build | Farm |
| 11:18 | Build | Farm |
| 11:20 | Create | Villager (Male) |
| 11:28 | Build | Palisade Wall |
| 11:29 | Build | Palisade Wall |
| 12:05 | Create | Scout Cavalry |
| 12:06 | Create | Villager (Male) |
| 12:10 | Build | Farm |
| 12:11 | Build | Farm |
| 12:12 | Build | Farm |
| 12:28 | Create | Villager (Male) |
| 12:43 | Build | Farm |
| 12:44 | Build | Farm |
| 12:51 | Build | Palisade Wall |
| 12:53 | Build | Palisade Wall |
| 12:56 | Create | Scout Cavalry |
| 13:05 | Create | Villager (Male) |
| 13:08 | Build | Farm |
| 13:10 | Build | Farm |
| 13:22 | Create | Villager (Male) |
| 13:23 | Create | Villager (Male) |
| 13:32 | Build | Farm |
| 13:34 | Build | Farm |
| 13:43 | Create | Scout Cavalry |
| 14:07 | Create | Villager (Male) |
| 14:08 | Create | Villager (Male) |
| 14:11 | Research | Horse Collar |
| 14:11 | Research | Horse Collar |
| 14:19 | Build | Palisade Wall |
| 14:23 | Build | Farm |
| 14:45 | Create | Villager (Male) |
| 14:49 | Build | House |
| 14:53 | Build | Mining Camp |
| 15:12 | Create | Villager (Male) |
| 15:24 | Create | Villager (Male) |
| 15:25 | Create | Villager (Male) |
| 15:39 | Build | Blacksmith |
| 16:28 | Build | House |
| 16:31 | Build | House |
| 16:32 | Create | Villager (Male) |
| 16:45 | Build | Market |
| 17:13 | Research | Castle Age |
| 17:28 | Build | Palisade Wall |
| 17:40 | Build | Stable |
| 17:45 | Research | Gold Mining |
| 18:17 | Research | Bloodlines |
| 18:50 | Research | Scale Barding Armor |
| 18:50 | Research | Scale Barding Armor |
| 19:22 | Create | Villager (Male) |
| 19:22 | Create | Villager (Male) |
| 19:53 | Age | Castle Age |
| 19:58 | Create | Knight |
| 19:58 | Create | Knight |
| 20:02 | Research | Bow Saw |
| 20:02 | Research | Bow Saw |
| 20:23 | Build | Town Center |
| 20:24 | Build | Farm |
| 20:26 | Research | Heavy Plow |
| 20:30 | Create | Villager (Male) |
| 20:30 | Create | Villager (Male) |
| 20:33 | Create | Knight |
| 20:38 | Create | Knight |
| 20:38 | Create | Knight |
| 20:44 | Build | Farm |
| 20:44 | Build | Farm |
| 20:45 | Build | Farm |
| 20:46 | Build | Farm |
| 21:18 | Create | Knight |
| 21:18 | Create | Knight |
| 21:18 | Create | Knight |
| 21:29 | Build | Farm |
| 21:34 | Build | Farm |
| 21:47 | Create | Villager (Male) |
| 21:48 | Create | Villager (Male) |
| 21:51 | Build | Farm |
| 21:53 | Create | Villager (Male) |
| 21:53 | Create | Villager (Male) |
| 21:53 | Create | Villager (Male) |
| 21:55 | Build | Farm |
| 21:56 | Build | Farm |
| 22:01 | Create | Knight |
| 22:02 | Create | Knight |
| 22:19 | Create | Knight |
| 22:19 | Create | Knight |
| 22:19 | Create | Knight |
| 22:25 | Build | Farm |
| 22:39 | Create | Villager (Male) |
| 22:39 | Create | Villager (Male) |
| 22:40 | Create | Knight |
| 22:40 | Create | Knight |
| 22:55 | Create | Villager (Male) |
| 22:55 | Create | Villager (Male) |
| 22:58 | Build | Farm |
| 23:02 | Build | Farm |
| 23:03 | Create | Villager (Male) |
| 23:08 | Create | Knight |
| 23:08 | Create | Knight |
| 23:11 | Build | House |
| 23:12 | Build | House |
Build order —
109 actions detected in the replay
| 0:00 | Build | House |
| 0:02 | Build | House |
| 1:42 | Build | Lumber Camp |
| 3:08 | Build | Mill |
| 3:47 | Build | House |
| 4:57 | Build | Lumber Camp |
| 5:51 | Research | Tech None |
| 5:57 | Build | Mill |
| 6:19 | Build | House |
| 6:38 | Research | Tech None |
| 7:46 | Build | Barracks |
| 9:11 | Build | Stable |
| 9:12 | Research | Tech None |
| 9:14 | Research | Tech None |
| 9:15 | Build | Farm |
| 9:33 | Build | House |
| 9:43 | Build | Farm |
| 10:00 | Create | Scout Cavalry |
| 10:04 | Build | Farm |
| 10:23 | Build | Farm |
| 10:33 | Build | Farm |
| 10:43 | Build | Farm |
| 10:54 | Build | House |
| 11:05 | Build | Farm |
| 11:24 | Build | Farm |
| 11:36 | Build | Farm |
| 11:48 | Build | Farm |
| 11:57 | Build | Watch Tower |
| 12:10 | Build | Farm |
| 12:36 | Create | Spearman |
| 14:07 | Build | Lumber Camp |
| 14:44 | Create | Spearman |
| 15:52 | Research | Tech None |
| 15:52 | Build | Farm |
| 16:16 | Build | Farm |
| 16:17 | Create | Spearman |
| 17:52 | Build | Market |
| 17:53 | Build | Mining Camp |
| 17:54 | Build | Blacksmith |
| 17:55 | Build | Lumber Camp |
| 17:56 | Create | Spearman |
| 17:56 | Build | House |
| 18:00 | Build | Archery Range |
| 18:03 | Build | Archery Range |
| 18:05 | Build | Archery Range |
| 18:08 | Build | Archery Range |
| 18:10 | Build | Archery Range |
| 18:12 | Build | Archery Range |
| 18:13 | Build | Archery Range |
| 18:14 | Build | Archery Range |
| 18:16 | Build | Archery Range |
| 18:35 | Build | Archery Range |
| 19:06 | Build | Farm |
| 19:16 | Build | Lumber Camp |
| 19:17 | Build | Farm |
| 19:20 | Build | Farm |
| 19:21 | Build | Farm |
| 19:22 | Build | Farm |
| 19:50 | Build | Archery Range |
| 19:56 | Build | Archery Range |
| 20:00 | Build | Farm |
| 20:03 | Build | Farm |
| 20:17 | Build | Farm |
| 20:20 | Build | Farm |
| 20:23 | Build | Farm |
| 20:42 | Build | Archery Range |
| 20:49 | Build | Farm |
| 21:02 | Build | Farm |
| 21:22 | Build | Farm |
| 21:24 | Build | Archery Range |
| 21:27 | Build | Farm |
| 21:48 | Build | Farm |
| 22:08 | Build | Archery Range |
| 22:10 | Build | Archery Range |
| 22:11 | Build | Archery Range |
| 22:12 | Build | Archery Range |
| 22:14 | Build | Archery Range |
| 22:15 | Build | Archery Range |
| 22:16 | Build | Archery Range |
| 22:17 | Build | Archery Range |
| 22:18 | Build | Archery Range |
| 22:19 | Build | Archery Range |
| 22:20 | Build | Archery Range |
| 22:21 | Build | Archery Range |
| 22:26 | Build | Archery Range |
| 22:27 | Build | Archery Range |
| 22:29 | Build | Archery Range |
| 22:30 | Build | Archery Range |
| 22:34 | Build | Archery Range |
| 22:37 | Build | Archery Range |
| 22:39 | Build | Archery Range |
| 22:40 | Build | Archery Range |
| 22:42 | Build | Archery Range |
| 22:44 | Build | Archery Range |
| 22:46 | Build | Archery Range |
| 22:48 | Build | Archery Range |
| 22:50 | Build | Archery Range |
| 22:52 | Build | Archery Range |
| 22:54 | Build | Lumber Camp |
| 23:03 | Build | Archery Range |
| 23:10 | Build | Archery Range |
| 23:12 | Build | Lumber Camp |
| 23:14 | Build | Lumber Camp |
| 23:19 | Build | Lumber Camp |
| 23:20 | Build | Lumber Camp |
| 23:23 | Build | Lumber Camp |
| 23:24 | Build | Lumber Camp |
| 23:25 | Build | Lumber Camp |
| 24:33 | Create | Spearman |
Build order —
First 150 of 169 actions detected
| 0:00 | Build | House |
| 0:02 | Build | House |
| 1:42 | Build | Lumber Camp |
| 3:19 | Build | Mill |
| 3:47 | Build | House |
| 4:31 | Build | Lumber Camp |
| 5:31 | Build | Mill |
| 5:51 | Research | Tech None |
| 5:51 | Build | House |
| 6:58 | Build | Mining Camp |
| 7:34 | Build | Farm |
| 7:48 | Build | Farm |
| 8:17 | Build | House |
| 8:48 | Build | Farm |
| 8:49 | Build | Farm |
| 9:08 | Build | Farm |
| 9:24 | Build | Farm |
| 9:29 | Research | Tech None |
| 10:15 | Build | Barracks |
| 11:41 | Build | Stable |
| 11:42 | Research | Tech None |
| 11:44 | Research | Tech None |
| 12:03 | Build | Blacksmith |
| 12:17 | Build | House |
| 12:27 | Build | Farm |
| 12:32 | Research | Tech None |
| 12:40 | Build | House |
| 12:48 | Build | Farm |
| 13:06 | Build | Farm |
| 13:19 | Build | Farm |
| 13:30 | Build | Farm |
| 13:46 | Research | Tech None |
| 13:47 | Build | Farm |
| 15:12 | Research | Tech None |
| 15:12 | Create | Knight |
| 15:13 | Research | Tech None |
| 15:13 | Build | Town Center |
| 16:12 | Build | Town Center |
| 16:18 | Build | House |
| 16:33 | Build | House |
| 17:02 | Build | Farm |
| 17:19 | Build | House |
| 17:26 | Build | Lumber Camp |
| 17:54 | Build | Farm |
| 18:16 | Build | Farm |
| 18:18 | Research | Tech None |
| 18:26 | Build | Farm |
| 18:37 | Build | Farm |
| 18:42 | Build | Farm |
| 18:56 | Build | Farm |
| 19:06 | Build | Farm |
| 19:07 | Build | Farm |
| 19:18 | Build | Farm |
| 19:26 | Build | Farm |
| 19:32 | Build | Farm |
| 19:36 | Build | House |
| 19:41 | Build | Farm |
| 19:44 | Build | House |
| 19:50 | Build | Farm |
| 19:59 | Build | Farm |
| 20:03 | Build | House |
| 20:16 | Research | Tech None |
| 20:21 | Build | Farm |
| 20:23 | Build | Farm |
| 20:42 | Build | Monastery |
| 20:50 | Build | Lumber Camp |
| 21:08 | Build | Stable |
| 21:13 | Build | Farm |
| 21:24 | Create | Monk |
| 21:26 | Build | House |
| 21:29 | Build | House |
| 21:34 | Build | Farm |
| 21:51 | Build | Farm |
| 21:57 | Build | Farm |
| 22:04 | Build | Farm |
| 22:16 | Build | Farm |
| 22:46 | Build | House |
| 22:48 | Build | House |
| 22:51 | Build | Farm |
| 22:53 | Research | Tech None |
| 23:10 | Build | House |
| 23:15 | Build | Lumber Camp |
| 23:26 | Build | Farm |
| 23:38 | Build | Mining Camp |
| 24:02 | Build | Siege Workshop |
| 24:05 | Create | Scout Cavalry |
| 24:07 | Research | Tech None |
| 24:09 | Build | Market |
| 24:15 | Build | Farm |
| 24:31 | Create | Scout Cavalry |
| 24:43 | Create | Scout Cavalry |
| 24:45 | Build | Mining Camp |
| 24:46 | Build | Farm |
| 24:47 | Build | Farm |
| 24:50 | Create | Mangonel |
| 24:53 | Research | Tech None |
| 24:54 | Research | Tech None |
| 24:56 | Create | Scout Cavalry |
| 25:09 | Create | Scout Cavalry |
| 25:15 | Build | Archery Range |
| 25:21 | Create | Scout Cavalry |
| 25:23 | Build | Archery Range |
| 25:24 | Create | Spearman |
| 25:34 | Create | Scout Cavalry |
| 25:40 | Create | Monk |
| 25:43 | Create | Mangonel |
| 25:47 | Create | Scout Cavalry |
| 25:53 | Research | Tech None |
| 25:56 | Build | University |
| 26:08 | Create | Skirmisher |
| 26:11 | Create | Skirmisher |
| 26:22 | Research | Tech None |
| 26:31 | Research | Tech None |
| 26:53 | Build | Siege Workshop |
| 26:57 | Build | Siege Workshop |
| 27:04 | Build | Siege Workshop |
| 27:04 | Create | Monk |
| 27:09 | Build | Siege Workshop |
| 27:10 | Build | Siege Workshop |
| 27:14 | Research | Tech None |
| 27:17 | Build | Lumber Camp |
| 27:37 | Build | Siege Workshop |
| 27:51 | Build | Siege Workshop |
| 27:52 | Build | Siege Workshop |
| 27:53 | Build | Archery Range |
| 27:55 | Create | Monk |
| 27:56 | Build | Archery Range |
| 28:05 | Build | Archery Range |
| 28:12 | Build | Archery Range |
| 28:13 | Build | Archery Range |
| 28:13 | Build | Market |
| 28:14 | Build | Archery Range |
| 28:15 | Build | Archery Range |
| 28:16 | Build | Market |
| 28:16 | Build | Castle |
| 28:20 | Build | Mining Camp |
| 28:21 | Build | Siege Workshop |
| 28:26 | Build | Lumber Camp |
| 28:42 | Build | Barracks |
| 29:03 | Create | Mangonel |
| 29:03 | Build | Feitoria |
| 29:03 | Build | Market |
| 29:38 | Research | Tech None |
| 29:52 | Build | Barracks |
| 30:10 | Create | Knight |
| 30:20 | Build | Monastery |
| 30:20 | Build | Market |
| 31:00 | Create | Monk |
| 31:00 | Build | Barracks |
| 31:13 | Build | Barracks |
Build order —
First 150 of 310 actions detected
| 0:00 | Build | House |
| 0:02 | Build | House |
| 1:42 | Build | Lumber Camp |
| 3:18 | Build | Mill |
| 3:46 | Build | House |
| 4:20 | Build | Lumber Camp |
| 5:11 | Build | Mill |
| 5:51 | Research | Tech None |
| 5:51 | Build | House |
| 6:27 | Build | Farm |
| 6:58 | Build | Mining Camp |
| 7:28 | Build | Farm |
| 7:51 | Build | Farm |
| 8:16 | Build | House |
| 8:25 | Build | Farm |
| 8:55 | Build | Farm |
| 9:21 | Build | Farm |
| 9:29 | Research | Tech None |
| 10:12 | Build | Barracks |
| 11:34 | Build | Farm |
| 11:41 | Build | Stable |
| 11:42 | Research | Tech None |
| 11:44 | Research | Tech None |
| 12:16 | Build | House |
| 12:17 | Build | Blacksmith |
| 12:29 | Build | Farm |
| 12:46 | Build | Farm |
| 12:57 | Research | Tech None |
| 12:57 | Build | House |
| 13:05 | Build | Farm |
| 13:48 | Research | Tech None |
| 15:26 | Build | Market |
| 15:37 | Research | Tech None |
| 15:37 | Create | Knight |
| 15:37 | Create | Camel Scout |
| 15:37 | Build | Town Center |
| 15:38 | Research | Tech None |
| 15:38 | Build | Town Center |
| 15:46 | Research | Tech None |
| 15:53 | Build | House |
| 15:54 | Build | House |
| 16:17 | Research | Tech None |
| 16:36 | Build | Farm |
| 16:54 | Build | Farm |
| 16:59 | Build | Farm |
| 17:19 | Build | Farm |
| 17:26 | Build | Farm |
| 17:33 | Build | Farm |
| 17:45 | Build | Farm |
| 18:05 | Build | Stable |
| 18:17 | Build | House |
| 18:18 | Build | House |
| 18:45 | Build | Monastery |
| 19:12 | Build | Stable |
| 19:26 | Create | Monk |
| 19:40 | Build | Stable |
| 19:45 | Create | Camel Scout |
| 19:45 | Build | Farm |
| 19:48 | Build | Farm |
| 20:02 | Create | Spearman |
| 20:14 | Build | Farm |
| 20:33 | Build | Lumber Camp |
| 20:37 | Build | House |
| 20:38 | Research | Tech None |
| 20:38 | Build | House |
| 20:39 | Research | Tech None |
| 20:47 | Build | Farm |
| 20:57 | Build | Farm |
| 21:03 | Build | House |
| 21:13 | Build | Farm |
| 21:17 | Build | Farm |
| 21:23 | Build | Farm |
| 21:31 | Build | Farm |
| 21:37 | Build | House |
| 21:42 | Build | House |
| 21:45 | Build | Farm |
| 21:49 | Create | Spearman |
| 21:55 | Build | Farm |
| 22:08 | Create | Spearman |
| 22:08 | Build | Farm |
| 22:10 | Research | Tech None |
| 22:15 | Build | Farm |
| 22:20 | Build | Farm |
| 22:27 | Build | Farm |
| 22:36 | Build | Farm |
| 22:40 | Create | Monk |
| 22:43 | Build | Farm |
| 22:49 | Create | Spearman |
| 22:49 | Build | Farm |
| 22:51 | Build | Farm |
| 22:55 | Research | Tech None |
| 22:58 | Build | Farm |
| 23:14 | Build | House |
| 23:18 | Build | House |
| 23:22 | Build | Farm |
| 23:25 | Research | Tech None |
| 23:26 | Create | Spearman |
| 23:33 | Build | Farm |
| 23:36 | Build | Farm |
| 23:42 | Build | House |
| 23:46 | Build | Farm |
| 23:58 | Build | Farm |
| 24:01 | Build | Farm |
| 24:03 | Build | House |
| 24:06 | Research | Tech None |
| 24:08 | Build | Farm |
| 24:16 | Build | Lumber Camp |
| 24:37 | Create | Monk |
| 24:40 | Build | Siege Workshop |
| 24:56 | Build | Farm |
| 24:57 | Build | Farm |
| 24:58 | Build | Farm |
| 24:59 | Build | Farm |
| 25:03 | Create | Camel Scout |
| 25:04 | Research | Tech None |
| 25:04 | Create | Camel Scout |
| 25:05 | Create | Camel Scout |
| 25:05 | Build | Farm |
| 25:06 | Create | Camel Scout |
| 25:07 | Build | Mill |
| 25:09 | Build | Farm |
| 25:26 | Create | Camel Scout |
| 25:27 | Build | Town Center |
| 25:29 | Build | Town Center |
| 25:31 | Build | Town Center |
| 25:39 | Build | Farm |
| 25:45 | Create | Camel Scout |
| 25:47 | Build | Farm |
| 25:48 | Build | Farm |
| 25:49 | Build | Siege Workshop |
| 25:50 | Build | Siege Workshop |
| 25:51 | Build | House |
| 25:52 | Build | House |
| 26:01 | Create | Camel Scout |
| 26:05 | Build | Farm |
| 26:08 | Build | Siege Workshop |
| 26:14 | Build | Archery Range |
| 26:31 | Build | Archery Range |
| 26:35 | Create | Monk |
| 26:44 | Build | Archery Range |
| 26:44 | Build | Archery Range |
| 26:45 | Build | Archery Range |
| 26:46 | Build | Archery Range |
| 26:47 | Build | Archery Range |
| 26:48 | Build | Archery Range |
| 26:55 | Build | Mining Camp |
| 26:56 | Build | Archery Range |
| 26:59 | Research | Tech None |
| 27:09 | Build | Archery Range |
| 27:17 | Create | Mangonel |
Build order —
74 actions detected in the replay
| 0:00 | Build | House |
| 0:02 | Build | House |
| 1:42 | Build | Lumber Camp |
| 3:13 | Build | Mill |
| 3:46 | Build | House |
| 4:55 | Build | Lumber Camp |
| 5:51 | Research | Tech None |
| 5:57 | Build | Mill |
| 6:07 | Build | House |
| 6:38 | Research | Tech None |
| 7:03 | Build | Mining Camp |
| 8:19 | Build | Barracks |
| 9:11 | Build | Archery Range |
| 9:12 | Research | Tech None |
| 9:12 | Research | Tech None |
| 9:13 | Research | Tech None |
| 9:18 | Build | House |
| 9:21 | Build | Farm |
| 9:50 | Create | Archer |
| 10:17 | Build | Archery Range |
| 10:19 | Build | House |
| 10:25 | Build | House |
| 10:49 | Create | Archer |
| 11:00 | Create | Spearman |
| 11:05 | Create | Archer |
| 11:21 | Create | Spearman |
| 11:33 | Build | Farm |
| 11:34 | Build | Farm |
| 11:40 | Create | Skirmisher |
| 11:44 | Build | House |
| 12:01 | Create | Spearman |
| 12:09 | Build | House |
| 12:21 | Create | Spearman |
| 12:26 | Create | Archer |
| 12:46 | Build | Blacksmith |
| 13:00 | Build | Farm |
| 13:14 | Build | Farm |
| 13:23 | Build | Farm |
| 13:27 | Create | Archer |
| 13:39 | Create | Spearman |
| 13:40 | Create | Archer |
| 13:47 | Research | Tech None |
| 13:48 | Build | Farm |
| 14:01 | Create | Spearman |
| 14:01 | Create | Skirmisher |
| 14:04 | Build | Watch Tower |
| 14:09 | Create | Skirmisher |
| 14:12 | Create | Skirmisher |
| 14:24 | Build | Watch Tower |
| 14:25 | Build | Watch Tower |
| 14:27 | Build | Watch Tower |
| 14:29 | Build | Watch Tower |
| 14:40 | Build | Watch Tower |
| 14:44 | Create | Spearman |
| 14:51 | Build | Watch Tower |
| 15:03 | Build | Farm |
| 15:11 | Build | Farm |
| 15:32 | Create | Spearman |
| 15:42 | Build | Farm |
| 15:57 | Create | Spearman |
| 16:48 | Build | Lumber Camp |
| 18:07 | Build | Archery Range |
| 18:22 | Create | Spearman |
| 19:04 | Build | Market |
| 19:05 | Build | Market |
| 21:35 | Create | Spearman |
| 22:19 | Create | Spearman |
| 22:46 | Build | Lumber Camp |
| 22:50 | Create | Spearman |
| 23:11 | Create | Skirmisher |
| 24:31 | Create | Spearman |
| 24:31 | Create | Skirmisher |
| 25:15 | Create | Skirmisher |
| 26:26 | Create | Skirmisher |
Match timeline
| 7:46 | A5reiko · first_building Barracks |
| 7:46 | · first_building Barracks |
| 7:58 | 蒼kono · first_building Barracks |
| 8:03 | seira · first_building Barracks |
| 8:17 | 什麼都不會 · first_building Barracks |
| 8:19 | · first_building Barracks |
| 8:51 | seira · age_up feudal |
| 9:02 | seira · first_building Stable |
| 9:11 | · first_building Stable |
| 9:11 | · first_building Archery Range |
| 9:15 | 什麼都不會 · age_up feudal |
| 9:15 | 蒼kono · age_up feudal |
| 9:17 | 什麼都不會 · first_building Stable |
| 9:19 | A5reiko · age_up feudal |
| 9:21 | A5reiko · first_building Archery Range |
| 9:22 | 蒼kono · first_building Archery Range |
| 10:12 | · first_building Barracks |
| 10:15 | · first_building Barracks |
| 10:32 | 蒼kono · wall_segment Palisade Wall x3 |
| 10:50 | seira · wall_segment Palisade Wall x1 |
| 10:51 | seira · wall_segment Palisade Wall x1 |
| 10:52 | 蒼kono · wall_segment Palisade Wall x10 |
| 10:58 | seira · wall_segment Palisade Wall x1 |
| 11:00 | seira · wall_segment Palisade Wall x3 |
| 11:28 | seira · wall_segment Palisade Wall x3 |
| 11:29 | seira · wall_segment Palisade Wall x2 |
| 11:41 | · first_building Stable |
| 11:41 | · first_building Stable |
| 11:47 | 蒼kono · wall_segment Palisade Wall x4 |
| 12:51 | seira · wall_segment Palisade Wall x9 |
| 12:53 | seira · wall_segment Palisade Wall x3 |
| 13:40 | 蒼kono · wall_segment Palisade Wall x10 |
| 13:53 | 什麼都不會 · wall_segment Palisade Wall x10 |
| 14:19 | seira · wall_segment Palisade Wall x11 |
| 14:29 | 蒼kono · wall_segment Palisade Wall x2 |
| 14:29 | 蒼kono · wall_segment Palisade Wall x2 |
| 14:32 | 蒼kono · wall_segment Palisade Wall x9 |
| 14:34 | 蒼kono · wall_segment Palisade Wall x8 |
| 15:22 | 什麼都不會 · wall_segment Palisade Wall x1 |
| 15:23 | 什麼都不會 · wall_segment Palisade Wall x1 |
| 15:52 | 什麼都不會 · wall_segment Palisade Wall x9 |
| 16:02 | 什麼都不會 · wall_segment Palisade Wall x4 |
| 16:24 | 什麼都不會 · wall_segment Palisade Wall x5 |
| 17:19 | 什麼都不會 · wall_segment Palisade Wall x1 |
| 17:28 | seira · wall_segment Palisade Wall x1 |
| 18:00 | · first_building Archery Range |
| 18:02 | 什麼都不會 · wall_segment Palisade Wall x5 |
| 18:06 | 什麼都不會 · wall_segment Palisade Wall x6 |
| 18:29 | 什麼都不會 · wall_segment Palisade Wall x5 |
| 18:45 | · first_building Monastery |
| 19:53 | seira · age_up castle |
| 20:23 | 什麼都不會 · age_up castle |
| 20:42 | · first_building Monastery |
| 21:00 | 蒼kono · wall_segment Palisade Wall x3 |
| 21:03 | 蒼kono · wall_segment Palisade Wall x3 |
| 21:06 | 蒼kono · age_up castle |
| 22:56 | A5reiko · age_up castle |
| 24:02 | · first_building Siege Workshop |
| 24:12 | 什麼都不會 · first_building Castle |
| 24:40 | · first_building Siege Workshop |
| 25:15 | · first_building Archery Range |
| 25:30 | · first_market_sell 100 food |
| 26:14 | · first_building Archery Range |
| 26:27 | 蒼kono · first_building Siege Workshop |
| 26:51 | · first_market_sell 100 food |
| 28:16 | · first_building Castle |
| 33:15 | · first_market_buy 100 stone |
| 35:03 | A5reiko · first_building Monastery |
| 35:20 | seira · first_building Monastery |
| 35:40 | · resign |
[ AI ANALYSIS · 1 CREDIT ]
What really happened in this match?
Wolo.gg analyzes every decision: build order, eco, micro, common mistakes by bracket. Personalized analysis on WhatsApp or Discord in 30 seconds.
Civ guide
Shu
Map guide
Arabia
Perfil
A5reiko